 Dungeon Crawl Stone Soup version 0.18-a0-1211-g828307d (webtiles) character file.

2682 namelastname112 the Skirmisher (level 9, -2/79 HPs)
             Began as a Purple Draconian Wanderer on Feb 2, 2016.
             Was a Believer of Pakellas.
             Slain by an orc warrior
             ... wielding a +0 glaive
              (22 damage)
             ... on level 7 of the Dungeon.
             The game lasted 00:15:58 (9347 turns).

namelastname112 the Skirmisher (DrWn)               Turns: 9347, Time: 00:15:58

Health: -2/79      AC: 10    Str: 15      XL:     9   Next: 37%
Magic:  12/13      EV:  9    Int: 13      God:    Pakellas [**....]
Gold:   379        SH:  0    Dex: 11 (13) Spells: 0 memorised, 8 levels left

rFire  . . .     SeeInvis .     v - +1 hand axe (chop)
rCold  . . .     Gourm    .     (armour unavailable)
rNeg   . . .     Faith    .     (no shield)
rPois  .         Spirit   .     (helmet restricted)
rElec  .         Dismiss  .     E - +0 cloak
rCorr  .         Reflect  .     g - +0 pair of gloves
SustAt .         Harm     .     H - +0 pair of boots
MR     +....                    (no amulet)
Stlth  +.........               h - ring of stealth
                                l - ring of loudness (curse)

@: drained, somewhat resistant to hostile enchantments, very unstealthy
A: breathe power, unfitting armour, cold-blooded, AC +7
a: Breathe Dispelling Energy, Quick Charge, Renounce Religion


You were on level 7 of the Dungeon.
You worshipped Pakellas.
Pakellas was pleased with you.
You were very hungry.

You visited 2 branches of the dungeon, and saw 8 of its levels.
You also visited: Sewer.

You collected 421 gold pieces.
You spent 42 gold pieces at shops.

Inventory:

Hand Weapons
 r - a +0 dagger of venom
 v - a +1 hand axe of chopping (weapon)
 y - a +0 falchion
Missiles
 d - a throwing net (quivered)
Armour
 g - a +0 pair of gloves (worn)
 E - a +0 cloak (worn)
 H - a +0 pair of boots (worn)
Jewellery
 h - a ring of stealth (right hand)
 l - a cursed ring of loudness (left hand)
Wands
 o - a wand of random effects (0/48)
 A - a wand of random effects (9/48)
 D - a wand of slowing (29/48)
 F - a wand of flame (23/48)
Scrolls
 a - 3 scrolls of identify
 b - a scroll of fear
 c - a scroll of enchant armour {unknown}
 e - 3 scrolls of recharging {unknown}
 m - 3 scrolls of fog {unknown}
 q - 2 scrolls of noise {unknown}
 u - 5 scrolls of teleportation
 w - a scroll of random uselessness {unknown}
 x - a scroll of remove curse {unknown}
Potions
 i - 2 potions of agility
 j - 2 potions of mutation {unknown}
 k - 3 potions of flight
 n - 2 potions of invisibility
 p - 2 potions of poison
 s - a potion of heal wounds
 z - 2 potions of cure mutation {unknown}
 C - a potion of curing
 G - a potion of brilliance
Books
 t - a Fen Folio

   Spells                             Type                      Level
   a - Corpse Rot                     Necromancy                   2
   b - Stone Arrow                    Conjuration/Earth            3
   c - Leda's Liquefaction            Hexes/Earth                  4
   d - Summon Forest                  Summoning/Translocation      5
   e - Hydra Form                     Transmutation                6
   f - Summon Hydra                   Summoning                    7
 B - a book of Ice

   Spells                             Type                      Level
   a - Ice Form                       Ice/Transmutation            4
   b - Metabolic Englaciation         Hexes/Ice                    5
   c - Ozocubu's Refrigeration        Ice                          6
   d - Bolt of Cold                   Conjuration/Ice              6
   e - Freezing Cloud                 Conjuration/Ice/Air          6
   f - Simulacrum                     Ice/Necromancy               6
Comestibles
 f - 6 bread rations


   Skills:
 + Level 7.0(6.1) Fighting
 - Level 5.3(5.5) Short Blades
 - Level 5.4(5.5) Long Blades
 * Level 2.5(1.7) Axes
 + Level 6.3(5.4) Dodging
 - Level 1.7(0.9) Stealth
 * Level 5.5(4.7) Evocations


You had 8 spell levels left.
You didn't know any spells.

Dungeon Overview and Level Annotations

Branches:
Dungeon (7/15)             Temple (1/1) D:5

Altars:
Ashenzari
Cheibriados
Makhleb
Nemelex Xobeh
Okawaru
Pakellas
Vehumet
Xom

Shops:
D:6 !

Annotations:
D:6 namelastname112's ghost, novice DrWn


Innate Abilities, Weirdness & Mutations

You can breathe bolts of dispelling energy.
Your rich purple scales are hard (AC +7).
Your body does not fit into most forms of armour.
You are cold-blooded and may be slowed by cold attacks.


Message History

The troll is lightly wounded.
The troll closely misses you. The troll claws you but does no damage.
The troll closely misses you.
You slash the troll!
Your tail-slap misses the troll.
The troll is moderately wounded.
You barely miss the troll.
Your tail-slap misses the troll.
The troll is moderately wounded.
The troll bites you!
* * * LOW HITPOINT WARNING * * *
The troll barely misses you. The troll claws you!
* * * LOW HITPOINT WARNING * * *
The orc warrior shouts!
The orc warrior closely misses you. The orc warrior closely misses you.
The orc warrior completely misses you.
Found an escape hatch in the floor.
The orc warrior yells loudly.
There is an escape hatch in the floor here.
The orc warrior hits you from afar with a glaive!!
You die...

#..# #.####.[.
######...###...>....
#.......?..#....##.#
#..........#...###<.
#.............#....#
#...............#..#
#..............#..##
#..............#.##
#..@.o.......#.o.###
#.........o.....To..
#......=...#....####
#..........###.##
######..#### #.#
#.## ### #.# ###


You could see 2 orc warriors.

Vanquished Creatures
  The ghost of namelastname112 the Chopper, a novice DrCK of Xom (D:5)
  Grinder (D:5)
  The ghost of Lathuz the Destroyer, an amateur DECj (D:3)
  A water moccasin (D:7)
  2 ogres
  A phantom (D:5)
  2 giant frogs (D:6)
  A jelly (D:5)
  A wyvern skeleton (D:6)
  2 scorpions
  A crimson imp (D:5)
  2 quasits
  3 hounds
  3 giant frog zombies (D:4)
  An orc priest (D:4)
  7 orc wizards
  A centaur skeleton (D:4)
  3 giant frog skeletons
  Jessica (D:2)
  5 worker ants
  A sheep (D:3)
  3 hound zombies (D:4)
  4 hound skeletons
  2 worker ant zombies (D:4)
  5 gnolls
  7 adders
  A river rat (D:6)
  3 oozes (Sewer)
  4 adder zombies (D:4)
  2 adder skeletons (D:4)
  4 worms
  4 giant geckos
  26 orcs
  13 giant cockroaches
  5 hobgoblins
  14 jackals
  4 quokkas
  4 ball pythons
  12 bats
  2 giant cockroach zombies (D:4)
  2 giant gecko skeletons
  6 giant newts
  10 goblins
  10 kobolds
  5 rats
193 creatures vanquished.

Notes
Turn   | Place    | Note
--------------------------------------------------------------
     0 | D:1      | namelastname112 the Draconian Wanderer began the quest for the Orb.
     0 | D:1      | namelastname112 set off with: a +2 dagger, a scroll of fear, a +0 spear, a potion of lignification, a bread ration
     0 | D:1      | Reached XP level 1. HP: 16/16 MP: 1/1
   490 | D:1      | Reached XP level 2. HP: 20/23 MP: 2/2
   809 | D:1      | Reached skill level 1 in Short Blades
  1270 | D:2      | Reached XP level 3. HP: 24/29 MP: 3/3
  1688 | D:2      | Noticed Jessica
  1698 | D:2      | Killed Jessica
  1698 | D:2      | Reached XP level 4. HP: 33/37 MP: 4/4
  1800 | D:2      | Found a shimmering altar of Xom.
  1871 | D:2      | Found a burning altar of Makhleb.
  2444 | D:3      | Noticed Sigmund
  2449 | D:3      | Noticed Lathuz's ghost (amateur DECj)
  2468 | D:3      | Noticed Sigmund
  2468 | D:3      | Sigmund changed into Sigmund the sheep
  2472 | D:3      | Killed Sigmund the sheep
  2472 | D:3      | Reached XP level 5. HP: 22/44 MP: 5/5
  2782 | D:3      | Killed Lathuz's ghost
  2782 | D:3      | Reached skill level 4 in Dodging
  2782 | D:3      | Reached XP level 6. HP: 52/52 MP: 6/6
  2997 | D:3      | HP: 2/52 [gnoll/spear (9)]
  3569 | D:4      | Reached XP level 7. HP: 32/60 MP: 7/7
  3569 | D:4      | Your scales start taking on a rich purple colour.
  4011 | D:4      | Reached skill level 5 in Dodging
  4214 | D:4      | Reached skill level 5 in Fighting
  4808 | D:4      | Reached skill level 5 in Short Blades
  5214 | D:4      | Reached XP level 8. HP: 55/70 MP: 8/8
  5345 | D:4      | Found a shattered altar of Ashenzari.
  5622 | D:5      | Entered Level 5 of the Dungeon
  5812 | D:5      | Noticed namelastname112's ghost (novice DrCK)
  5845 | D:5      | Killed namelastname112's ghost
  5845 | D:5      | Reached skill level 6 in Fighting
  5983 | D:5      | Found a staircase to the Ecumenical Temple.
  5992 | Temple   | Entered the Ecumenical Temple
  6024 | Temple   | Became a worshipper of Pakellas the Inventive
  6320 | D:5      | Noticed Grinder
  6344 | D:5      | Paralysed by Grinder for 4 turns
  6350 | D:5      | Killed Grinder
  6350 | D:5      | HP: 2/71 [shot self (15)]
  6893 | D:5      | Reached skill level 5 in Long Blades
  7273 | D:5      | Reached XP level 9. HP: 28/78 MP: 12/12
  7602 | D:6      | Found Kotikeash's Distillery.
  7630 | D:6      | Bought a potion of curing for 42 gold pieces
  7673 | D:6      | Noticed namelastname112's ghost (novice DrWn)
  7981 | D:6      | Reached skill level 1 in Axes
  8100 | D:6      | Reached * piety under Pakellas
  8112 | D:6      | Found a glowing drain.
  8116 | Sewer    | Entered a sewer
  8626 | D:6      | Reached skill level 5 in Evocations
  8652 | D:7      | Noticed a troll
  8739 | D:6      | Reached ** piety under Pakellas
  8739 | D:6      | Received a gift from Pakellas
  9295 | D:7      | Reached skill level 7 in Fighting
  9347 | D:7      | Slain by an orc warrior

Vault maps used:
D:1:      matt_arrival_spirals, columned_hall_lemuel, st_stairs_11
D:2:      xom_butterflies, overflow_temple_1_default, uniq_jessica
D:3:      uniq_sigmund
D:4:      lemuel_round_altar, first_bread, serial_undead, serial_undead_e,
          serial_undead_b, serial_undead_d, serial_undead_e, serial_undead_e,
          serial_undead_f, kennysheep_dice
D:5:      minmay_temple_entry_junction, uniq_grinder
D:6:      kennysheep_mini, serial_shops, shop_coins, gup_sewer_entry_bowl,
          minmay_crossroads
D:7:      kennysheep_big_flooded_room
Temple:   cyrus_temple_forest_13
Sewer:    sewer_fruit_machine

Action                   |  1- 3 |  4- 6 |  7- 9 || total
-------------------------+-------+-------+-------++-------
Melee: Dagger            |   120 |   179 |   589 ||   888
       Unarmed           |       |    17 |       ||    17
       Hand axe          |       |       |   196 ||   196
 Abil: Breathe Dispellin |       |       |     3 ||     3
Evoke: Wand              |       |     1 |    15 ||    16
  Use: Potion            |       |     1 |    10 ||    11
       Scroll            |       |     1 |     2 ||     3
 Stab: Sleeping          |     1 |       |     3 ||     4
       Invisible         |       |       |     5 ||     5
  Eat: Chunk             |     2 |     5 |    12 ||    19
       Pizza             |       |     1 |       ||     1
       Meat ration       |       |       |     1 ||     1
       Royal jelly       |       |       |     1 ||     1
